 Dungeon Crawl Stone Soup version 0.31-a0-166-g46f44d267d (webtiles) character file.

Game seed: 2173554435802512290

2178 qw the Skirmisher (level 9, 0/57 HPs)
             Began as a Gargoyle Hunter on June 13, 2023.
             Was an Initiate of Okawaru.
             Slain by a wyvern (10 damage)
             ... on level 8 of the Dungeon.
             The game lasted 00:02:54 (6591 turns).

qw the Skirmisher (Gargoyle Hunter)                 Turns: 6591, Time: 00:02:54

Health: 0/57       AC: 18    Str: 16    XL:     9   Next: 33%
Magic:  9/9        EV: 11    Int:  9    God:    Okawaru [......]
Gold:   381        SH:  0    Dex: 17    Spells: 8/8 levels left

rFire   + . .        f - +0 orcbow
rCold   . . .        (shield currently unavailable)
rNeg    + . .        h - +3 ring mail "Qenesuodi" {rF+}
rPois   inf          e - +0 helmet
rElec   +            a - +0 cloak
rCorr   +            d - +0 pair of gloves
SInv    .            (no boots)
Will    +....        (no amulet)
Stlth   +            g - ring of resist corrosion
HPRegen 0.29/turn    i - ring of willpower
MPRegen 0.11/turn

%: no passive effects
@: no status effects
A: sickness immunity, AC +6, negative energy resistance 1, electricity
resistance, torment resistance 1, petrification resistance
a: Renounce Religion


You were on level 8 of the Dungeon.
You worshipped Okawaru.
Okawaru was noncommittal.
You visited 2 branches of the dungeon, and saw 9 of its levels.

You collected 381 gold pieces.


Innate Abilities, Weirdness & Mutations

You are immune to sickness and miasma.
Your stone body is resilient. (AC +6)
You are immune to poison.
You resist negative energy. (rN+)
You are resistant to electric shocks. (rElec)
You are resistant to unholy torment.
You are immune to petrification.


   Skills:
 - Level 7.0 Fighting
 + Level 10.5 Ranged Weapons
 - Level 3.0 Armour
 - Level 2.3 Dodging
 - Level 1.1 Stealth


You had 8 spell levels left.
You didn't know any spells.
Your spell library was empty.

Inventory:

Hand Weapons
 f - a +0 orcbow (weapon)
Armour
 a - a +0 cloak (worn)
 d - a +0 pair of gloves (worn)
 e - a +0 helmet (worn)
 h - the +3 ring mail "Qenesuodi" (worn) {rF+}
   (You found it on level 4 of the Dungeon)

   rF:        It protects you from fire.
Jewellery
 g - a ring of resist corrosion (left hand)
 i - a ring of willpower (right hand)
Wands
 k - a wand of digging (4)
Scrolls
 c - a scroll of identify
Potions
 b - a potion of haste {unknown}
 l - a potion of attraction
 n - a potion of brilliance {unknown}

Dungeon Overview and Level Annotations

Branches:
Dungeon (8/15)             Temple (1/1) D:7            Lair (0/5) D:8

Altars:
Ashenzari
Cheibriados
Dithmenos
Elyvilon
Fedhas
Gozag
Hepliaklqana
Kikubaaqudgha
Makhleb
Nemelex Xobeh
Okawaru
Ru
Sif Muna
Trog
Uskayaw
Vehumet
Wu Jian
Xom
Yredelemnul
Zin
The Shining One

Shops:
D:5 :

Annotations:
D:4 2 transporters, qw's ghost, amateur GrFi
D:7 2 transporters


Message History

The plant is engulfed in a cloud of scalding steam.
The orc warrior is engulfed in a cloud of scalding steam.
The orc warrior hits you but does no damage.
The steam dragon breathes steam at you. The ball of steam hits you. You resist.
The ball of steam hits the plant!
The orc hits you but does no damage.
You shoot an arrow.
The arrow barely misses the orc warrior.
The bush is engulfed in a cloud of scalding steam.
The plant is engulfed in a cloud of scalding steam.
The orc warrior hits you with a +0 war axe.
The steam dragon bites the bush but does no damage.
The steam dragon claws the bush but does no damage.
An ice beast comes into view.
The orc hits you from afar with a +0 trident.
The wyvern barely misses you.
You shoot an arrow.
The arrow closely misses the orc warrior.
The bush is engulfed in a cloud of scalding steam.
A nearby plant withers and dies.
The orc warrior hits you with a +0 war axe.
The orc closely misses you.
The steam dragon bites the bush!
The steam dragon claws the bush but does no damage.
The wyvern bites you but does no damage.
You shoot an arrow. The arrow hits the orc warrior!
You kill the orc warrior!
Okawaru accepts your kill.
The plant is engulfed in a cloud of scalding steam.
The plant begins to die.
The wyvern bites you! The steam dragon breathes steam at you.
The ball of steam hits you. You resist. The orc hits you but does no damage.
The wyvern bites you.
You shoot an arrow.
The arrow hits the wyvern but does no damage.
The wyvern misses you.
The orc hits you from afar with a +0 trident.
You shoot an arrow. The arrow hits the steam dragon.
The steam dragon is severely wounded.
The wyvern bites you!
You die...

.......###.##.#.##............###
#................).........).)...
#....P...P.......P......P...#.###
#.P777P..777...777P..777....#.# #
#.P7 7P..7 7...7 7...7 7....#.# #
#.P777...777...777...777.....<# #
..P.P...............P..P....#.# #
#..............Dl..¤¤......##.# #
#........P.....P@¤.¤..........# #
#.P777...777P.o777.¤.777...####
#.P7 7...7 7P..7 7..P7 7...# #.P7
7...7 7..P777P..777P.## #...
.......o.P...........# ....
......¤¤.............# >.P..
....o.PP.PP.......####
..777P.P777.....#### . 7..P7
7.........


You could see a steam dragon (catching breath), a wyvern and an orc.

Vanquished Creatures
  Prince Ribbit (D:6)
  Eustachio (D:5)
  An orc warrior (D:8)
  A black bear (D:6)
  3 ice beasts
  A sky beast (D:7)
  2 ogres (D:6)
  2 centaurs
  2 bullfrogs (D:7)
  A gnoll sergeant (D:8)
  A scorpion (D:5)
  2 howler monkeys (D:5)
  A jelly (D:7)
  An orc priest (D:8)
  A gnoll bouda (D:7)
  A hound (D:5)
  5 iguanas
  3 sleepcaps
  3 orc wizards
  11 gnolls
  5 adders
  2 ufetubi
  3 worms
  2 dart slugs (D:1)
  9 orcs
  7 ball pythons
  6 endoplasms
  2 giant cockroaches (D:1)
  11 goblins
  14 hobgoblins
  3 jackals (D:2)
  2 quokkas
  6 bats
  5 frilled lizards
  4 kobolds
  4 rats
129 creatures vanquished.

Vanquished Creatures (others)
  An orc (D:8)
1 creature vanquished.

Grand Total: 130 creatures vanquished

Notes
Turn   | Place    | Note
-------+----------+-------------------------------------------
     0 | D:1      | qw the Gargoyle Hunter began the quest for the Orb.
     0 | D:1      | Reached XP level 1. HP: 12/12 MP: 1/1
     0 | D:1      | 0 ||| qw: Version: 0.2-a-29-gc1b59c4
     0 | D:1      | 0 ||| qw: Game counter: 4848
     0 | D:1      | 0 ||| qw: Always use a shield: true
     0 | D:1      | 0 ||| qw: God list: Okawaru
     0 | D:1      | 0 ||| qw: Allow faded altars: false
     0 | D:1      | 0 ||| qw: Do Orc after D:15 true
     0 | D:1      | 0 ||| qw: Do second Lair branch before Depths: true
     0 | D:1      | 0 ||| qw: Lair rune preference: random
     0 | D:1      | 0 ||| qw: Plans: Normal, Zot:1-4, Slime:5, God:TSO, Crypt,
                  | Tomb, Abyss, Pan, Hells, Win
     0 | D:1      | 0 ||| PLANNING D:1-11
    93 | D:1      | Reached XP level 2. HP: 17/17 MP: 2/2
   392 | D:1      | Reached XP level 3. HP: 21/21 MP: 3/3
   428 | D:1      | Reached skill level 5 in Ranged Weapons
   536 | D:1      | Found a faded altar of an unknown god.
   787 | D:1      | 787 ||| UPGRADING to +0 ring mail.
   797 | D:1      | 797 ||| DROPPING +0 leather armour.
   798 | D:1      | 798 ||| UPGRADING to ring of resist corrosion.
   799 | D:1      | 799 ||| READING scroll labelled ZIWEQO LAJE.
   800 | D:1      | 800 ||| READING scroll labelled DAKO CIOFIDOMIPHO.
   801 | D:1      | 801 ||| READING scroll labelled EROG AVVANO.
   802 | D:1      | 802 ||| DROPPING scroll of butterflies.
  1023 | D:2      | Reached skill level 1 in Armour
  1107 | D:2      | Reached skill level 3 in Fighting
  1107 | D:2      | Reached XP level 4. HP: 22/28 MP: 4/4
  1481 | D:2      | 1481 ||| UPGRADING to +0 cloak.
  1692 | D:3      | 1692 ||| FLEEEEING.
  2096 | D:3      | 2096 ||| UPGRADING to +3 ring mail.
  2106 | D:3      | 2106 ||| DROPPING +0 ring mail.
  2107 | D:3      | 2107 ||| READING scroll labelled ATAISO WEULOUGI.
  2112 | D:3      | 2112 ||| READING scroll labelled ESOAJE ANOIW.
  2113 | D:3      | 2113 ||| READING scroll labelled BAMOAL IRHORCHO.
  2114 | D:3      | 2114 ||| DRINKING 2 amethyst potions.
  2115 | D:3      | 2115 ||| DRINKING 2 inky potions.
  2116 | D:3      | 2116 ||| DROPPING potion of degeneration.
  2312 | D:4      | Noticed a scorpion
  2320 | D:4      | Noticed qw's ghost (amateur GrFi)
  2321 | D:4      | Found a transporter.
  2324 | D:4      | Found a transporter.
  2369 | D:4      | Reached XP level 5. HP: 21/32 MP: 5/5
  2377 | D:4      | Reached skill level 6 in Ranged Weapons
  2628 | D:4      | Identified the +3 ring mail "Qenesuodi" {rF+}
  3096 | D:4      | Reached XP level 6. HP: 26/38 MP: 6/6
  3426 | D:4      | 3426 ||| UPGRADING to +0 helmet.
  3431 | D:4      | 3431 ||| UPGRADING to +3 ring mail "Qenesuodi" {rF+}.
  3441 | D:4      | 3441 ||| DROPPING +3 ring mail.
  3455 | D:5      | Entered Level 5 of the Dungeon
  3568 | D:5      | Found Xuacuahi's Self-Improvement Boutique.
  3834 | D:5      | Reached skill level 7 in Ranged Weapons
  3863 | D:5      | Reached XP level 7. HP: 43/43 MP: 7/7
  3877 | D:5      | Noticed Eustachio
  3920 | D:5      | HP: 10/43 [orc/+0 short sword (3)]
  3921 | D:5      | 3921 ||| READING scroll of teleportation.
  3922 | D:5      | 3922 ||| DRINKING 2 potions of heal wounds.
  4299 | D:5      | 4299 ||| Stepping ~*~*~tactically~*~*~ (outnumbered).
  4302 | D:5      | HP: 10/43 [Eustachio/+1 heavy falchion (7)]
  4303 | D:5      | 4303 ||| DRINKING potion of heal wounds.
  4305 | D:5      | Killed Eustachio
  4465 | D:5      | 4465 ||| UPGRADING to +0 pair of gloves.
  4470 | D:5      | 4470 ||| UPGRADING to ring of willpower.
  4577 | D:6      | Reached skill level 8 in Ranged Weapons
  4762 | D:6      | Reached XP level 8. HP: 43/50 MP: 8/8
  5004 | D:6      | 5004 ||| READING scroll labelled NIWNEE SE SEIN.
  5005 | D:6      | 5005 ||| READING scroll labelled IXUTAX RITE.
  5006 | D:6      | 5006 ||| READING scroll labelled OSOAWE XUIQIH.
  5007 | D:6      | 5007 ||| READING scroll labelled HOMYEC LIKUNN.
  5008 | D:6      | 5008 ||| READING scroll labelled GUPPUFEZIMU.
  5043 | D:6      | 5043 ||| READING 2 scrolls of identify.
  5043 | D:6      | 5043 ||| IDENTIFYING smoky blue potion
  5044 | D:6      | 5044 ||| DROPPING potion of invisibility.
  5060 | D:7      | 5060 ||| Stepping ~*~*~tactically~*~*~ (outnumbered).
  5078 | D:7      | Reached skill level 9 in Ranged Weapons
  5198 | D:7      | Reached skill level 3 in Armour
  5227 | D:7      | Reached skill level 6 in Fighting
  5233 | D:7      | HP: 11/51 [something (3)]
  5400 | D:7      | Found a sparkling altar of Nemelex Xobeh.
  5573 | D:7      | Found a flagged portal.
  5580 | D:7      | Found an opulent altar of Gozag.
  5582 | D:7      | Found a basalt altar of Yredelemnul.
  5582 | D:7      | Noticed a manticore
  5584 | D:7      | Found a transporter.
  5587 | D:7      | Noticed a slime creature
  5593 | D:7      | Found a transporter.
  5611 | D:7      | Noticed Prince Ribbit
  5620 | D:7      | HP: 8/51 [Prince Ribbit (11)]
  5622 | D:7      | 5622 ||| FLEEEEING.
  5623 | D:7      | 5623 ||| FLEEEEING.
  5624 | D:7      | 5624 ||| FLEEEEING.
  5626 | D:7      | 5626 ||| STAIRDANCE
  5772 | D:6      | 5772 ||| DRINKING 2 grey potions.
  5773 | D:6      | 5773 ||| READING 2 scrolls of identify.
  5773 | D:6      | 5773 ||| IDENTIFYING dark potion
  5774 | D:6      | 5774 ||| DROPPING potion of berserk rage.
  5782 | D:7      | 5782 ||| STAIRDANCE
  5787 | D:6      | Killed Prince Ribbit
  5788 | D:6      | Reached skill level 10 in Ranged Weapons
  5788 | D:6      | Reached XP level 9. HP: 41/55 MP: 9/9
  5852 | D:7      | Found a staircase to the Ecumenical Temple.
  5853 | D:7      | 5853 ||| PLANNING TEMPLE
  5859 | Temple   | Entered the Ecumenical Temple
  5860 | Temple   | 5860 ||| PLANNING OKAWARU WORSHIP
  5866 | Temple   | Became a worshipper of Warmaster Okawaru
  5866 | Temple   | 5866 ||| PLANNING D:1-11
  5938 | D:7      | Found a hazy altar of Hepliaklqana.
  6300 | D:8      | 6300 ||| SWAPPING to +0 orcbow.
  6301 | D:8      | 6301 ||| DROPPING +0 shortbow.
  6397 | D:8      | Found a staircase to the Lair.
  6435 | D:8      | 6435 ||| Stepping ~*~*~tactically~*~*~ (outnumbered).
  6441 | D:8      | 6441 ||| Stepping ~*~*~tactically~*~*~ (outnumbered).
  6577 | D:8      | 6577 ||| Stepping ~*~*~tactically~*~*~ (outnumbered).
  6589 | D:8      | HP: 14/57 [wyvern (8)]
  6591 | D:8      | Slain by a wyvern

Levels and vault maps discovered:
D:1:      lordsloth_arrival_two_stooges, layout_basic, basic_ecumenical_altar
D:2:      layout_basic
D:3:      layout_loops_cross
D:4:      layout_layer_cave, gammafunk_ghost_arena
D:5:      layout_gridville, serial_bayou_pond_b, minmay_misc_feat_x,
          nicolae_shop_self_help, uniq_eustachio
D:6:      layout_rooms
D:7:      layout_loops_ring, mainiacjoe_overflow_brackets, lemuel_crystal_altar,
          gammafunk_temple_overflow_arena, temple_fountains, enter_bailey_2,
          uniq_prince_ribbit1
D:8:      layout_loops_ring, lair_entry_dummy, kennysheep_boxes, uniq_grum
Temple:   sentei_temple_godly_chess

Skill      XL: |  1  2  3  4  5  6  7  8  9 |
---------------+----------------------------+-----
Ranged Weapons | 5 6 7 8 10 | 10.5
Armour         | 1 2 3 |  3.0
Fighting       | 3 4 5 6 7 |  7.0
Dodging        | 2 |  2.3
Stealth        | |  1.1

Action                     |  1- 3 |  4- 6 |  7- 9 || total
---------------------------+-------+-------+-------++-------
   Fire: Shortbow          |   114 |   241 |   303 ||   658
         Orcbow            |       |       |    69 ||    69
    Use: Scroll            |     3 |     3 |     8 ||    14
         Potion            |       |     2 |     3 ||     5
 Armour: Leather armour    |     2 |       |       ||     2
         Ring mail         |     6 |    88 |   227 ||   321
  Dodge: Dodged            |    13 |    93 |   261 ||   367

Table legend:
 A = Non-vault XP
 B = Vault XP
 C = Vault XP percentage of total XP
 D = Non-vault monster count
 E = Vault monster count
 F = Vault count percentage of total count
                 A         B        C        D         E       F
            +---------+---------+-------+---------+---------+-------
      Total |    2584 |     528 |  17.0 |     125 |       4 |   3.1
            +---------+---------+-------+---------+---------+-------
        D:1 |      59 |       0 |   0.0 |      32 |       0 |   0.0
        D:2 |      28 |       0 |   0.0 |      14 |       0 |   0.0
        D:3 |      57 |       0 |   0.0 |      15 |       0 |   0.0
        D:4 |     178 |       0 |   0.0 |      19 |       0 |   0.0
        D:5 |     339 |     260 |  43.4 |       9 |       3 |  25.0
        D:6 |     731 |     268 |  26.8 |       6 |       1 |  14.3
        D:7 |     736 |       0 |   0.0 |      19 |       0 |   0.0
        D:8 |     456 |       0 |   0.0 |      11 |       0 |   0.0
            +---------+---------+-------+---------+---------+-------
